 Dungeon Crawl Stone Soup version 0.31-a0-355-g57cb03d3e8 (webtiles) character file.

Game seed: 2396672584537617821

24051 arthad the Blocker (level 13, -4/147 HPs)
             Began as a Gnoll Wanderer on July 23, 2023.
             Was a High Priest of Cheibriados.
             Killed from afar by a fire dragon (11 damage)
             ... with a blast of flame
             ... on level 15 of the Dungeon on July 24, 2023.
             The game lasted 00:42:09 (18098 turns).

arthad the Blocker (Gnoll Wanderer)                Turns: 18098, Time: 00:42:10

Health: -4/147     AC: 22    Str: 20    XL:     13   Next: 10%
Magic:  9/34       EV:  2    Int: 26    God:    Cheibriados [*****.]
Gold:   1054       SH:  8    Dex: 27    Spells: 18/29 levels left

rFire   + . .        X - staff of fire
rCold   . . .        b - +0 buckler
rNeg    . . .        G - melded +0 steam dragon scales
rPois   +            Z - melded +2 helmet
rElec   .            W - melded +1 cloak
rCorr   .            i - melded +0 pair of gloves
SInv    .            (boots currently unavailable)
Will    .....        a - amulet of regeneration
Stlth   +++++        g - ring of magical power
HPRegen 1.24/turn    t - +5 ring of evasion
MPRegen 0.24/turn

%: no passive effects
@: tree-form, corroded, very slow
A: stationary, stasis, torment immunity, boosted hp, (fangs 1), strong nose,
distributed training
a: Renounce Religion, Bend Time, Temporal Distortion, Slouch, Step From Time


You were on level 15 of the Dungeon.
You worshipped Cheibriados.
Cheibriados was extremely pleased with you.
You were a tree.
You visited 2 branches of the dungeon, and saw 16 of its levels.

You collected 1054 gold pieces.

Inventory:

Hand Weapons
 v - a +2 short sword of holy wrath
 z - a +2 long sword of freezing
 D - the +8 dagger "Woloffop" {protect, Str+2}
   (You took it off an orc on level 5 of the Dungeon)

   Str:       It affects your strength (+2).
Missiles
 l - 21 poisoned darts
 R - 2 atropa-tipped darts
Armour
 b - a +0 buckler (worn)
 i - a +0 pair of gloves (melded)
 y - a +0 kite shield
 F - a +0 chain mail of poison resistance
 G - +0 steam dragon scales (melded)
 W - a +1 cloak (melded)
 Y - the +2 leather armour "Tuneacsi" {Harm MP-9 Dex+3}
   (You found it on level 11 of the Dungeon)

   Dex:       It affects your dexterity (+3).
   MP:        It affects your magic capacity (-9).
   Harm:      It increases damage dealt and taken.
 Z - a +2 helmet (melded)
Magical Staves
 n - a staff of air
 X - a staff of fire (weapon)
Jewellery
 a - an amulet of regeneration (around neck)
 g - a ring of magical power (left branch)
 t - a +5 ring of evasion (right branch)
 A - an amulet of the acrobat
Wands
 d - a wand of charming (3)
 r - a wand of flame (24)
 B - a wand of acid (12)
 M - a wand of polymorph (9)
 V - a wand of roots (17)
Scrolls
 c - a scroll of fog
 f - 17 scrolls of identify
 h - 2 scrolls of brand weapon
 o - 2 scrolls of amnesia {unknown}
 p - 2 scrolls of blinking
 q - a scroll of torment {unknown}
 s - 4 scrolls of revelation
 u - 3 scrolls of teleportation
 w - 3 scrolls of fear {unknown}
 x - 2 scrolls of noise {unknown}
 J - 3 scrolls of poison {unknown}
 K - a scroll of silence {unknown}
 P - a scroll of immolation {unknown}
 S - a scroll of vulnerability {unknown}
 U - a scroll of acquirement {unknown}
Potions
 e - a potion of attraction
 j - 2 potions of cancellation {unknown}
 k - a potion of curing {unknown}
 m - 2 potions of lignification
 C - a potion of degeneration {unknown}
 H - a potion of ambrosia {unknown}
 I - a potion of brilliance {unknown}
 L - 2 potions of might {unknown}
 N - a potion of berserk rage {unknown}
 O - 3 potions of enlightenment {unknown}
 Q - 2 potions of mutation {unknown}
 T - 2 potions of haste {unknown}


   Skills:
 + Level 8.1 Fighting
 + Level 8.1 Short Blades
 + Level 8.1 Long Blades
 + Level 8.1 Axes
 + Level 8.1 Maces & Flails
 + Level 8.1 Polearms
 + Level 8.1 Staves
 + Level 8.1 Ranged Weapons
 + Level 8.1 Throwing
 + Level 8.1 Armour
 + Level 9.4 Dodging
 + Level 8.1 Stealth
 + Level 10.4 Shields
 + Level 8.1 Unarmed Combat
 + Level 8.6 Spellcasting
 + Level 6.7 Conjurations
 + Level 6.7 Hexes
 + Level 6.7 Summonings
 + Level 6.7 Necromancy
 + Level 6.7 Translocations
 + Level 6.7 Transmutations
 + Level 9.9 Fire Magic
 + Level 6.7 Ice Magic
 + Level 6.7 Air Magic
 + Level 6.7 Earth Magic
 + Level 6.7 Poison Magic
 + Level 8.9 Invocations
 + Level 8.1 Evocations
 + Level 6.7 Shapeshifting


You had 18 spell levels left.
You knew the following spells:

 Your Spells              Type           Power      Damage    Failure   Level
a - Foxfire               Conj/Fire      100%       2x1d9     1%          1
b - Scorch                Fire           100%       2d9       1%          2
c - Sticky Flame          Conj/Fire      70%        2d8       1%          4
d - Dispel Undead         Necr           46%        3d18      3%          4

Your spell library contained the following spells:

 Spells                   Type           Power      Damage    Failure   Level
 Apportation              Tloc           92%        N/A       1%          1
 Kiss of Death            Conj/Necr      100%       2d13      1%          1
 Necrotise                Necr           100%       1d9       1%          1
 Summon Small Mammal      Summ           100%       N/A       1%          1
 Sublimation of Blood     Necr           46%        N/A       1%          2
 Confusing Touch          Hex            46%        N/A       1%          3
 Vhi's Electric Charge    Tloc/Air       92%        N/A       1%          3
 Petrify                  Tmut/Erth      46%        N/A       3%          4
 Arcjolt                  Conj/Air       23%        1d33      11%         5
 Irradiate                Conj/Tmut      23%        3d19      11%         5
 Summon Forest            Summ/Tloc      23%        N/A       11%         5
 Summon Mana Viper        Hex/Summ       46%        N/A       11%         5
 Summon Cactus Giant      Summ           23%        N/A       50%         6
 Maxwell's Capacitive Co  Air            23%        ∞         100%        8


Dungeon Overview and Level Annotations

Branches:
Dungeon (15/15)            Temple (1/1) D:4            Lair (0/5) D:9
    Orc (0/2) D:12         Vaults (0/5) D:14
 Depths: D:15

Altars:
Ashenzari
Cheibriados
Dithmenos
Elyvilon
Fedhas
Gozag
Hepliaklqana
Kikubaaqudgha
Makhleb
Nemelex Xobeh
Okawaru
Qazlal
Ru
Sif Muna
Trog
Uskayaw
Vehumet
Wu Jian
Xom
Yredelemnul
Zin
The Shining One

Shops:
D:7 [   D:9 (

Annotations:
D:11 2 transporters, Dordric's ghost, novice TrSh


Innate Abilities, Weirdness & Mutations

You are a tree.
Your roots penetrate the ground, keeping you stationary.
You cannot be teleported.
You are immune to unholy pain and torment.
Your maximum health is greatly increased.
Your equipment is partially melded.
((You have very sharp teeth.))
Your uncanny sense of smell can sniff out nearby items.
Your experience applies equally to all skills.


Message History

Casting: Foxfire (safe; 1% risk of failure)
Confirm with . or Enter, or press ? or * to list all spells.
You feel a surge of power!
Flames lash the fire dragon but do no damage.
The fire dragon bites you! The fire dragon completely misses you.
You block the fire dragon's attack.
You are too injured to fight recklessly!
Casting: Foxfire (safe; 1% risk of failure)
Press: ? - help, Q - select action, (/) - cycle Dir - look around, f - activate You feel a surge of power!
You conjure some foxfire!
The green ugly thing misses you.
The green ugly thing basks in the mutagenic energy from its kin and changes!
The fire dragon bites you!
* * * LOW HITPOINT WARNING * * *
The fire dragon closely misses you. The fire dragon tramples you.
* * * LOW HITPOINT WARNING * * *
You hold your ground!
You barely miss the green ugly thing.
You bite the green ugly thing, but do no damage.
The green ugly thing is heavily wounded.
The foxfire hits the fire dragon but does no damage.
The fire dragon is moderately wounded.
The foxfire hits the fire dragon.
The fire dragon resists.
The fire dragon is moderately wounded.
The green ugly thing misses you. The fire dragon completely misses you.
The fire dragon claws you!
* * * LOW HITPOINT WARNING * * *
The fire dragon tramples you.
* * * LOW HITPOINT WARNING * * *
You hold your ground!
It was a potion of lignification.
You turn into a tree.
Your +1 cloak melds into your body.
Your +2 helmet melds into your body.
Your +0 pair of gloves melds into your body.
Your +0 steam dragon scales melds into your body.
Your roots penetrate the ground.
You feel strangely stable.
The green ugly thing basks in the mutagenic energy from its kin and changes!
You block the green ugly thing's attack.
The fire dragon breathes flames at you. The blast of flame hits you!
You resist.
You die...

.#...#[.............#...#
.#...######..####...#...#
.#........#..# #.......#
.#........#..# #.......#
.#..##.#..##.# ##..######
....#..#...#.. #........#
....#..#...#...#........#
....#..#...# ∆#........#
#####..##### #♣D......#
....#..# ##uu.#...#
....#.## .....D.u......#
....## #.............#
...# ############### ...#
...# ...# ∆ ...#


You could see a fire dragon (catching breath) and 3 ugly things.

Vanquished Creatures
  A hydra (D:10)
  A catoblepas (D:15)
  2 boulder beetles
  4 two-headed ogres
  A tengu warrior (D:13)
  Pikel (D:6)
  2 deep elf pyromancers
  6 ugly things
  A cyclops (D:12)
  A manticore (D:11)
  Maggie (D:7)
  An efreet (D:15)
  An unseen horror (D:12)
  2 komodo dragons
  A tengu conjurer (D:13)
  4 trolls
  Prince Ribbit (D:6)
  14 slime creatures
  A shadow (D:9)
  2 wraiths (D:11)
  A vampire (D:14)
  A centaur simulacrum (D:14)
  3 wyverns
  6 yaks (D:10)
  A steam dragon (D:6)
  Grum (D:9)
  Edmund (D:6)
  5 acid dragons
  3 water moccasins
  7 orc warriors
  3 ice beasts
  3 black bears
  3 ogres
  8 centaurs
  2 wolves (D:9)
  2 phantoms
  3 lemures (D:6)
  A kobold brigand (D:8)
  2 gnoll sergeants
  5 bullfrogs
  2 scorpions
  6 wights
  18 killer bees
  9 howler monkeys
  4 electric eels (D:9)
  3 hounds
  9 orc priests
  A jelly (D:6)
  A gnoll bouda (D:6)
  A sleepcap (D:8)
  Jessica (D:2)
  2 iguanas
  14 orc wizards
  Natasha (thrice) (D:3)
  13 gnolls
  8 adders
  3 shadow imps
  2 white imps
  An ufetubus (D:4)
  3 worms
  3 dart slugs (D:1)
  56 orcs
  7 bats
  7 endoplasms
  A giant cockroach (D:1)
  10 goblins
  10 hobgoblins
  10 jackals
  16 kobolds
  8 quokkas
  8 ball pythons
  3 frilled lizards
  7 rats
  2 foxfires (D:15)
361 creatures vanquished.

Vanquished Creatures (collateral kills)
  11 foxfires
11 creatures vanquished.

Vanquished Creatures (others)
  A wizard (D:13)
  An orc wizard (D:9)
  1719 foxfires
1721 creatures vanquished.

Grand Total: 2093 creatures vanquished

Notes
Turn   | Place    | Note
-------+----------+-------------------------------------------
     0 | D:1      | arthad the Gnoll Wanderer began the quest for the Orb.
     0 | D:1      | arthad set off with the following items: a +0 dagger, a +0
                  | buckler, a scroll of fog, a +0 robe, a potion of
                  | attraction; and the following spell memorised: Foxfire; and
                  | the following spells available to memorise: Scorch, Sticky
                  | Flame.
     0 | D:1      | Reached XP level 1. HP: 13/13 MP: 4/4
   105 | D:1      | Reached XP level 2. HP: 19/19 MP: 0/5
   583 | D:1      | Reached XP level 3. HP: 25/25 MP: 2/7
   586 | D:1      | Learned a level 2 spell: Scorch
  1027 | D:1      | Reached skill level 1 in Invocations
  1317 | D:2      | Reached skill level 1 in Fighting
  1317 | D:2      | Reached skill level 1 in Short Blades
  1317 | D:2      | Reached skill level 1 in Long Blades
  1317 | D:2      | Reached skill level 1 in Axes
  1317 | D:2      | Reached skill level 1 in Maces & Flails
  1317 | D:2      | Reached skill level 1 in Polearms
  1317 | D:2      | Reached skill level 1 in Staves
  1317 | D:2      | Reached skill level 1 in Ranged Weapons
  1317 | D:2      | Reached skill level 1 in Throwing
  1317 | D:2      | Reached skill level 1 in Armour
  1317 | D:2      | Reached skill level 1 in Stealth
  1317 | D:2      | Reached skill level 1 in Unarmed Combat
  1317 | D:2      | Reached skill level 1 in Evocations
  1461 | D:2      | Reached XP level 4. HP: 32/32 MP: 8/8
  1978 | D:2      | Noticed Jessica
  1980 | D:2      | Killed Jessica
  1981 | D:2      | Reached skill level 1 in Conjurations
  1981 | D:2      | Reached skill level 1 in Hexes
  1981 | D:2      | Reached skill level 1 in Summonings
  1981 | D:2      | Reached skill level 1 in Necromancy
  1981 | D:2      | Reached skill level 1 in Translocations
  1981 | D:2      | Reached skill level 1 in Transmutations
  1981 | D:2      | Reached skill level 1 in Ice Magic
  1981 | D:2      | Reached skill level 1 in Air Magic
  1981 | D:2      | Reached skill level 1 in Earth Magic
  1981 | D:2      | Reached skill level 1 in Poison Magic
  1981 | D:2      | Reached skill level 1 in Shapeshifting
  2228 | D:2      | Found a faded altar of an unknown god.
  2549 | D:3      | Reached XP level 5. HP: 37/37 MP: 9/9
  2611 | D:3      | Found a burning altar of Makhleb.
  2626 | D:3      | Noticed Natasha
  2630 | D:3      | Killed Natasha
  2837 | D:3      | Found a glowing golden altar of the Shining One.
  3036 | D:3      | Noticed Natasha
  3038 | D:3      | Killed Natasha
  3316 | D:3      | Noticed Natasha
  3324 | D:3      | Killed Natasha
  3325 | D:3      | Reached XP level 6. HP: 35/44 MP: 10/11
  3454 | D:3      | Reached skill level 5 in Dodging
  3749 | D:4      | Found a shadowy altar of Dithmenos.
  4058 | D:4      | Noticed a black bear
  4065 | D:4      | Killed a black bear
  4066 | D:4      | Reached skill level 7 in Shields
  4066 | D:4      | Reached XP level 7. HP: 50/50 MP: 12/12
  4856 | D:4      | Found a shimmering blue altar of Sif Muna.
  5051 | D:4      | Reached XP level 8. HP: 57/57 MP: 14/14
  5115 | D:4      | Found a staircase to the Ecumenical Temple.
  5158 | Temple   | Entered the Ecumenical Temple
  5166 | Temple   | Became a worshipper of Cheibriados the Contemplative
  5240 | D:5      | Entered Level 5 of the Dungeon
  5450 | D:5      | Identified the +8 dagger "Woloffop" {protect, Str+2}
  5641 | D:5      | Reached * piety under Cheibriados
  6449 | D:6      | Reached XP level 9. HP: 56/65 MP: 16/16
  6454 | D:6      | Learned a level 4 spell: Sticky Flame
  6692 | D:6      | Noticed Edmund
  6713 | D:6      | Killed Edmund
  6714 | D:6      | Reached skill level 5 in Spellcasting
  6846 | D:6      | Noticed Pikel
  6865 | D:6      | Killed Pikel
  6867 | D:6      | Reached skill level 8 in Shields
  7153 | D:6      | Reached skill level 5 in Invocations
  7155 | D:6      | Reached ** piety under Cheibriados
  7589 | D:6      | Noticed Prince Ribbit
  7592 | D:6      | Killed Prince Ribbit
  7786 | D:7      | Found Tuar's Armour Boutique.
  7947 | D:7      | Reached XP level 10. HP: 7/73 MP: 1/18
  7948 | D:7      | Reached *** piety under Cheibriados
  8176 | D:7      | Reached skill level 5 in Fighting
  8176 | D:7      | Reached skill level 5 in Short Blades
  8176 | D:7      | Reached skill level 5 in Long Blades
  8176 | D:7      | Reached skill level 5 in Axes
  8176 | D:7      | Reached skill level 5 in Maces & Flails
  8176 | D:7      | Reached skill level 5 in Polearms
  8176 | D:7      | Reached skill level 5 in Staves
  8176 | D:7      | Reached skill level 5 in Ranged Weapons
  8176 | D:7      | Reached skill level 5 in Throwing
  8176 | D:7      | Reached skill level 5 in Armour
  8176 | D:7      | Reached skill level 5 in Stealth
  8176 | D:7      | Reached skill level 5 in Unarmed Combat
  8176 | D:7      | Reached skill level 5 in Evocations
  8470 | D:7      | Noticed Maggie
  8478 | D:7      | Killed Maggie
  8532 | D:7      | Found an iron altar of Okawaru.
  8577 | D:7      | Found a bloodstained altar of Trog.
  8672 | D:7      | Found a shimmering altar of Xom.
  9217 | D:8      | Found a hide-covered altar of Uskayaw.
  9858 | D:8      | Reached **** piety under Cheibriados
 10474 | D:8      | Upgraded the game from 0.31-a0-354-g827e0957a7 to
                  | 0.31-a0-355-g57cb03d3e8
 10796 | D:9      | Found a staircase to the Lair.
 11084 | D:9      | Found an ornate altar of the Wu Jian Council.
 11149 | D:9      | Reached XP level 11. HP: 81/81 MP: 19/20
 11172 | D:9      | Reached skill level 9 in Shields
 11300 | D:9      | Reached ***** piety under Cheibriados
 11310 | D:9      | Reached skill level 5 in Conjurations
 11310 | D:9      | Reached skill level 5 in Hexes
 11310 | D:9      | Reached skill level 5 in Summonings
 11310 | D:9      | Reached skill level 5 in Necromancy
 11310 | D:9      | Reached skill level 5 in Translocations
 11310 | D:9      | Reached skill level 5 in Transmutations
 11310 | D:9      | Reached skill level 5 in Ice Magic
 11310 | D:9      | Reached skill level 5 in Air Magic
 11310 | D:9      | Reached skill level 5 in Earth Magic
 11310 | D:9      | Reached skill level 5 in Poison Magic
 11310 | D:9      | Reached skill level 5 in Shapeshifting
 11590 | D:9      | Noticed Grum
 11596 | D:9      | Killed Grum
 11826 | D:9      | Found Minniesh's Weapon Emporium.
 12030 | D:10     | Entered Level 10 of the Dungeon
 12039 | D:10     | Noticed a seven-headed hydra
 12119 | D:10     | Killed a seven-headed hydra
 12373 | D:10     | Noticed a two-headed ogre
 12378 | D:10     | Killed a two-headed ogre
 13033 | D:10     | Found an opulent altar of Gozag.
 13237 | D:10     | Learned a level 4 spell: Dispel Undead
 13486 | D:11     | Noticed a manticore
 13496 | D:11     | Killed a manticore
 13684 | D:11     | Found a transporter.
 13685 | D:11     | Noticed a white ugly thing
 13690 | D:11     | Noticed a boulder beetle
 13707 | D:11     | Found a transporter.
 13707 | D:11     | Noticed Dordric's ghost (novice TrSh)
 13721 | D:11     | Killed a boulder beetle
 14066 | D:11     | Identified the +2 leather armour "Tuneacsi" {Harm MP-9
                  | Dex+3}
 14281 | D:12     | Noticed a two-headed ogre
 14288 | D:12     | Killed a two-headed ogre
 14293 | D:12     | Noticed a two-headed ogre
 14295 | D:12     | Reached XP level 12. HP: 63/89 MP: 19/23
 14300 | D:12     | Killed a two-headed ogre
 14472 | D:12     | Found a staircase to the Orcish Mines.
 14886 | D:12     | Noticed a boulder beetle
 14906 | D:12     | Killed a boulder beetle
 15568 | D:13     | Reached skill level 10 in Shields
 15894 | D:13     | Noticed a tengu warrior
 15900 | D:13     | Killed a tengu warrior
 17123 | D:14     | Noticed a two-headed ogre
 17406 | D:14     | Found a gate to the Vaults.
 17480 | D:14     | Killed a two-headed ogre
 17481 | D:14     | Reached XP level 13. HP: 98/98 MP: 23/25
 17716 | D:15     | Entered Level 15 of the Dungeon
 18005 | D:15     | Found a sacrificial altar of Ru.
 18084 | D:15     | Noticed a fire dragon
 18097 | D:15     | HP: 4/98 [fire dragon (5)]
 18098 | D:15     | Killed from afar by a fire dragon

Illustrated notes

Levels and vault maps discovered:
D:1:      spicycebolla_arrival_xxxplode, layout_basic, minmay_distorted
D:2:      layout_loops_corners, basic_ecumenical_altar, uniq_jessica
D:3:      layout_loops_ring, tso_oasis_becter, makhleb_altar_promises_db,
          serial_bayou_ford_a, uniq_natasha
D:4:      layout_loops_cross, mainiacjoe_overflow_brackets,
          overflow_temple_1_default, lemuel_temple_firewalk_b,
          roderic_filled_cross, hex_large, chequers_serial_rivers_micro_d,
          minmay_pentangle
D:5:      layout_cave_pools
D:6:      layout_basic, uniq_pikel, uniq_prince_ribbit1, uniq_edmund
D:7:      layout_basic, kennysheep_little_box, mainiacjoe_overflow_two_lobes,
          serial_shops, nicolae_shop_rolling_square, uniq_maggie
D:8:      layout_layer_cave, nicolae_uskayaw_dance_hall, serial_glass,
          glass_columns_b, glass_columns_a
D:9:      layout_roguey, nzn_wu_jian_council_hall, david_lair_shrubbed,
          serial_shops, nicolae_shop_just_a_little_nook, chequers_big_river,
          uniq_grum
D:10:     layout_loops_cross, nicolae_gozag_seed_capital
D:11:     layout_rooms, gammafunk_ghost_arena
D:12:     layout_basic, erik_orc_4, wad_floor_pattern_1
D:13:     layout_gridville
D:14:     layout_loops_ring, david_vaults_1
D:15:     grunt_enter_depths_snipers, layout_grid_maze,
          nicolae_ru_sacrificial_ziggurat, solitary_fountain,
          corexii_corridor_pit, grunt_ministairs_8
Temple:   nicolae_temple_no_exploring_needed

Skill      XL: |  1  2  3  4  5  6  7  8  9 10 11 12 |
---------------+-------------------------------------+-----
Invocations    | 1 2 3 4 5 6 7 8 |  8.9
Fighting       | 1 2 3 4 5 6 8 |  8.1
Short Blades   | 1 2 3 4 5 6 8 |  8.1
Long Blades    | 1 2 3 4 5 6 8 |  8.1
Axes           | 1 2 3 4 5 6 8 |  8.1
Maces & Flails | 1 2 3 4 5 6 8 |  8.1
Polearms       | 1 2 3 4 5 6 8 |  8.1
Staves         | 1 2 3 4 5 6 8 |  8.1
Ranged Weapons | 1 2 3 4 5 6 8 |  8.1
Throwing       | 1 2 3 4 5 6 8 |  8.1
Armour         | 1 2 3 4 5 6 8 |  8.1
Stealth        | 1 2 3 4 5 6 8 |  8.1
Unarmed Combat | 1 2 3 4 5 6 8 |  8.1
Evocations     | 1 2 3 4 5 6 8 |  8.1
Spellcasting   | 3 4 5 6 7 8 |  8.6
Conjurations   | 1 2 3 4 5 6 |  6.7
Hexes          | 1 2 3 4 5 6 |  6.7
Summonings     | 1 2 3 4 5 6 |  6.7
Necromancy     | 1 2 3 4 5 6 |  6.7
Translocations | 1 2 3 4 5 6 |  6.7
Transmutations | 1 2 3 4 5 6 |  6.7
Ice Magic      | 1 2 3 4 5 6 |  6.7
Air Magic      | 1 2 3 4 5 6 |  6.7
Earth Magic    | 1 2 3 4 5 6 |  6.7
Poison Magic   | 1 2 3 4 5 6 |  6.7
Shapeshifting  | 1 2 3 4 5 6 |  6.7
Dodging        | 5 6 7 8 9 |  9.4
Shields        | 7 8 9 10 | 10.4
Fire Magic     | 8 9 |  9.9

Action                     |  1- 3 |  4- 6 |  7- 9 | 10-12 | 13-15 || total
---------------------------+-------+-------+-------+-------+-------++-------
  Melee: Dagger            |    20 |     7 |     4 |    53 |    14 ||    98
         Bite              |     1 |       |     1 |     7 |     9 ||    18
         Staff             |       |       |       |       |     1 ||     1
   Cast: Foxfire           |    79 |   149 |   259 |   493 |    23 ||  1003
         Scorch            |     1 |    16 |    52 |   171 |     9 ||   249
         Sticky Flame      |       |       |     1 |    15 |     2 ||    18
 Invoke: Slouch            |       |       |       |     3 |     1 ||     4
  Evoke: Wand              |       |       |       |     3 |       ||     3
    Use: Scroll            |       |       |       |     3 |     1 ||     4
         Potion            |       |       |       |       |     1 ||     1
 Armour: Robe              |     9 |     2 |     4 |       |       ||    15
         Steam dragon scal |       |       |     4 |    48 |     6 ||    58
  Dodge: Dodged            |    20 |    20 |    75 |   394 |    26 ||   535
  Block: Buckler           |    10 |     4 |    24 |   163 |     8 ||   209

Table legend: (Time is in decaauts)
 A = Elapsed time spent in this place.
 B = Non-inter-level travel time spent in this place.
 C = Inter-level travel time spent in this place.
 D = Time resting spent in this place.
 E = Time spent auto-exploring this place.
 F = Levels seen in this place.
 G = Mean time per level.
                   A        B        C        D        E       F      G
               +--------+--------+--------+--------+--------+-----+--------+
         Total |  22793 |  21949 |    844 |    876 |  18511 |  16 | 1424.6 |
       Dungeon |  22774 |  21946 |    828 |    876 |  18511 |  15 | 1518.3 |
        Temple |     18 |      2 |     16 |      0 |      0 |   1 |   18.0 |
               +--------+--------+--------+--------+--------+-----+--------+

Top non-repeatable levels by time:
     D:8: 2405 daAuts
     D:9: 2196 daAuts
     D:6: 2016 daAuts
    D:10: 1940 daAuts
    D:14: 1731 daAuts
    D:12: 1681 daAuts
    D:13: 1663 daAuts
     D:4: 1522 daAuts
     D:7: 1389 daAuts
     D:3: 1345 daAuts
     D:1: 1274 daAuts
     D:2: 1108 daAuts
    D:11: 1036 daAuts
     D:5: 941 daAuts
    D:15: 520 daAuts
